cohdb
Replays
Latest Replays
All Replays
Popular Replays
Top Player Replays
Match Explorer
How It Works
Community
CoH3 Stats
Reddit
Sign in to upload your games and track your stats! →
Sign in with Steam
Match 45186965
Unlisted
Match 45186965
Overview
Messages
Build Orders
End
Engineer Squad
Construct Barracks
Selects Armored Battlegroup
Selects Veteran Crews
1⁄4-ton 4x4 Truck
Riflemen Squad
Riflemen Squad
Infantry Support Center
Grenade Package
Construct Medical Station
Selects Fast Deploy
Construct Motor Pool
M8 Greyhound Armored Car
M1 Anti-tank Gun Team
Riflemen Squad
M8 Greyhound Armored Car
M1 Anti-tank Gun Team
Selects M8 Scott SPG
Construct Tank Depot
Selects UNKNOWN (2160077)
Selects Field Repairs
Riflemen Squad
Selects War Machine
M1 Anti-tank Gun Team
M1 Mortar Team
M4A3E8 Sherman Easy Eight
M4A3E8 Sherman Easy Eight
Engineer Squad
M4A3E8 Sherman Easy Eight
Engineer Squad
Engineer Squad
M4A3E8 Sherman Easy Eight
M4A3E8 Sherman Easy Eight
M4A3E8 Sherman Easy Eight
M18 Hellcat Tank Destroyer
Nico-Nico-Nii~~
Theodosios
0
0
Comments
sign in to comment!
No comments posted yet!